AoeStats
← Outplayed

Arabia

515320397Analyzed
1v1 RM · 15d ago on Oct 21, 2026· 20m 4s· 2 players
Game mode
Random Map
Map size
Tiny (2 player)
Population
200
Speed
Normal
Resources
Standard
Victory
Conquest
Starting age
Dark Age
Ending age
Imperial Age
RankedLock teamsTeams togetherTeam positionsShared explorationLock speedFull tech treeHidden civsTurbo modeCheats
Victory
Defeat
🇨🇦 Ethiopians · Canada
1145
+17
vs
🇪🇸 Spanish · Spain
1177
-17
Barnico
4:03 Loom
5:23 Loom
10:06 Feudal Age
10:44 Double-Bit Axe
18:45 Castle Age
16:52 Stone Mining
Outplayed
6:24 Loom
9:10 Feudal Age
9:59 Double-Bit Axe
11:47 Horse Collar
15:37 Town Watch
16:29 Wheelbarrow
18:41 Fletching
Connection lost

Rejoining the realm…

Still unreachable

The connection could not be restored.

Session expired

The server has moved on; the page needs a fresh start.